 Dungeon Crawl Stone Soup version 0.19.5 (webtiles) character file.

120 epen the Ruffian (level 5, -2/45 HPs)
             Began as a Naga Transmuter on Aug 4, 2017.
             Slain by Grinder (5 damage)
             ... on level 3 of the Dungeon.
             The game lasted 00:04:13 (2305 turns).

epen the Ruffian (Naga Transmuter)                  Turns: 2305, Time: 00:04:13

Health: -2/45      AC:  2    Str: 13    XL:     5   Next: 4%
Magic:  2/8        EV: 20    Int: 14    God:
Gold:   89         SH:  0    Dex: 16    Spells: 2 memorised, 5 levels left

rFire  . . .     SeeInvis +       - Unarmed
rCold  . . .     Gourm    .     (armour currently unavailable)
rNeg   . . .     Faith    .     (shield currently unavailable)
rPois  x         Spirit   .     (helmet currently unavailable)
rElec  .         Reflect  .     (cloak currently unavailable)
rCorr  .         Harm     .     (gloves currently unavailable)
MR     .....                    (no barding)
Stlth  +.........               (no amulet)
                                (no ring)
                                (no ring)

@: spider-form (expiring), very slightly contaminated
A: see invisible, (deformed body), (poison resistance), (slowness 0), slow
metabolism 1, spit poison 1, AC +1
a: Spit Poison, End Transformation


You were on level 3 of the Dungeon.
You were not hungry.
You were a venomous arachnid creature.
You visited 1 branch of the dungeon, and saw 3 of its levels.

You collected 89 gold pieces.

Inventory:

Missiles
 a - 22 arrows
Armour
 b - a +0 robe (melded)
 i - a +0 helmet (melded)
Jewellery
 j - a +2 ring of intelligence {unknown}
 p - an uncursed ring of poison resistance {unknown}
Wands
 o - a wand of polymorph (13/24)
Scrolls
 f - 2 scrolls of magic mapping {unknown}
 g - 2 scrolls of identify {unknown}
 l - a scroll of noise {unknown}
 m - a scroll of blinking {unknown}
Potions
 e - a potion of flight {unknown}
 h - 3 potions of haste {unknown}
 n - a potion of ambrosia {unknown}
Books
 c - a book of Changes

   Spells                             Type                      Level
   a - Beastly Appendage              Transmutation                1
   b - Sticks to Snakes               Transmutation                2
   c - Spider Form                    Transmutation/Poison         3
   d - Ice Form                       Ice/Transmutation            4
   e - Blade Hands                    Transmutation                5
Comestibles
 d - a bread ration
 k - a meat ration
 q - 5 chunks of flesh


   Skills:
 + Level 1.7 Fighting
 + Level 2.3 Dodging
 * Level 4.1 Unarmed Combat
 + Level 2.5 Spellcasting
 + Level 2.6 Transmutations


You had 5 spell levels left.
You knew the following spells:

 Your Spells              Type           Power        Failure   Level  Hunger
a - Beastly Appendage     Tmut           #.....       24%         1    #......
b - Spider Form           Tmut/Pois      #.........   69%         3    ###....


Dungeon Overview and Level Annotations

Branches:
Dungeon (3/15)

Altars:

Annotations:
D:3 Grinder


Innate Abilities, Weirdness & Mutations

You cannot wear boots.
((Your serpentine skin is tough. (AC +1)))
You have supernaturally acute eyesight. (SInv)
((Armour fits poorly on your strangely shaped body.))
((Your system is resistant to poisons. (rPois)))
((You cover ground very slowly.))
You have a slow metabolism.
You can spit poison.


Message History

You suddenly lose the ability to move!
Grinder hits you!
You writhe in agony.
Your transformation is almost over.
You have got your breath back.
Grinder hits you!
* * * LOW HITPOINT WARNING * * *
You writhe in agony.
* * * LOW HITPOINT WARNING * * *
You can move again.
Unknown command.
Unknown command.
You hit Grinder.
Grinder is moderately wounded.
Grinder completely misses you.
You hit Grinder.
Grinder is moderately wounded.
Grinder hits you!
* * * LOW HITPOINT WARNING * * *
You writhe in agony.
You die...

..##$ # .... .###.
...# .....###...
.......... ......[..#
......5..# # ###s.#
#.#....# #+ #.#...)#
#. #...####..#
##+###.######.......#
...............####.#
........######.#
........#....#.#
.......†#....#.#


You could see Grinder.

Vanquished Creatures
  4 adders (D:2)
  A gnoll (D:2)
  An ooze (D:2)
  4 worms
  4 dart slugs
  2 leopard geckos (D:2)
  2 ball pythons
  2 giant cockroaches
  8 goblins
  4 hobgoblins (D:1)
  4 jackals (D:1)
  3 bats
  2 frilled lizards
  5 kobolds
  3 rats (D:1)
49 creatures vanquished.

Notes
Turn   | Place    | Note
-------+----------+-------------------------------------------
     0 | D:1      | epen the Naga Transmuter began the quest for the Orb.
     0 | D:1      | Reached XP level 1. HP: 18/18 MP: 3/3
    37 | D:1      | Reached XP level 2. HP: 21/25 MP: 5/5
   704 | D:1      | Reached XP level 3. HP: 28/31 MP: 6/6
   840 | D:1      | Learned a level 3 spell: Spider Form
  1656 | D:2      | Reached XP level 4. HP: 36/38 MP: 3/7
  1961 | D:2      | Reached skill level 4 in Unarmed Combat
  2185 | D:3      | Reached XP level 5. HP: 33/45 MP: 4/8
  2292 | D:3      | Noticed Grinder
  2292 | D:3      | Paralysed by Grinder for 5 turns
  2301 | D:3      | Paralysed by Grinder for 2 turns
  2305 | D:3      | Slain by Grinder

Skill      XL: |  1  2  3  4 |
---------------+-------------+-----
Dodging        | 2 |  2.3
Unarmed Combat | 4 |  4.1
Fighting       | |  1.7
Spellcasting   | |  2.5
Transmutations | |  2.6

Action                   |  1- 3 |  4- 6 || total
-------------------------+-------+-------++-------
Melee: Unarmed           |   130 |    68 ||   198
       Punch             |     4 |       ||     4
 Cast: Spider Form       |     2 |     3 ||     5
 Abil: Spit Poison       |     3 |     2 ||     5
 Stab: Distracted        |       |     1 ||     1
  Eat: Chunk             |     2 |     2 ||     4
Armor: Robe              |    18 |     7 ||    25
       Skin              |     1 |     3 ||     4
Dodge: Dodged            |    90 |    43 ||   133
